AoeStats
← waLLefps.

Lombardia

507089280Analyzed
2v2 RM · 15d ago on Sep 16, 2026· 37m 17s· 4 players
Game mode
Random Map
Map size
Medium (4 player)
Population
200
Speed
Normal
Resources
Standard
Victory
Conquest
Starting age
Dark Age
Ending age
Imperial Age
RankedLock teamsTeams togetherTeam positionsShared explorationLock speedFull tech treeHidden civsTurbo modeCheats
Victory
Defeat
🇨🇭 Dravidians · Switzerland
1541
+13
🇨🇭 Jurchens · Switzerland
1476
+15
🇹🇷 Wu · Türkiye
1474
-14
🇹🇷 Armenians · Türkiye
1467
-14
waLLefps.
7:09 Loom
12:56 Feudal Age
13:40 Double-Bit Axe
16:39 Castle Age
14:35 Horse Collar
18:02 Bow Saw
18:44 Fletching
19:20 Bodkin Arrow
21:07 Heavy Plow
21:29 Padded Archer Armor
22:48 Wheelbarrow
22:54 Gold Mining
25:21 Leather Archer Armor
25:48 Ballistics
27:16 Red Cliffs Tactics
34:27 Imperial Age
35:26 Bracer
35:48 Conscription
Tameryig1t
9:51 Loom
12:03 Feudal Age
15:44 Double-Bit Axe
18:30 Castle Age
16:34 Man-at-Arms
17:00 Arson
19:59 Wheelbarrow
19:06 Horse Collar
19:42 Bow Saw
19:24 Gambesons
20:23 Squires
20:31 Scale Mail Armor
20:57 Long Swordsman
21:38 Heavy Plow
22:36 Stone Mining
22:21 Two-Handed Swordsman
25:37 Forging
26:35 Chain Mail Armor
27:45 Iron Casting
27:41 Champion
29:43 Pikeman
32:04 Gold Mining
32:38 Fletching
32:49 Halberdier
33:02 Halberdier
Elacrai
10:33 Feudal Age
10:50 Feudal Age
9:09 Loom
10:55 Feudal Age
12:45 Double-Bit Axe
15:34 Castle Age
13:59 Horse Collar
17:07 Bow Saw
23:33 Wheelbarrow
23:05 Heavy Plow
23:43 Wheelbarrow
24:23 Fletching
25:14 Gold Mining
25:55 Hand Cart
26:08 Thumb Ring
26:16 Stone Mining
27:04 Padded Archer Armor
27:26 Bodkin Arrow
27:56 Town Watch
28:49 Leather Archer Armor
29:51 Ballistics
34:43 Imperial Age
32:45 Husbandry
35:42 Bracer
35:03 Elite Elephant Archer
36:46 Chemistry
36:45 Ring Archer Armor
Vermint
6:21 Loom
9:22 Feudal Age
10:16 Double-Bit Axe
13:44 Wheelbarrow
13:21 Horse Collar
19:25 Castle Age
18:52 Gold Mining
19:24 Bloodlines
21:37 Bow Saw
24:10 Husbandry
27:59 Gold Shaft Mining
27:53 Scale Barding Armor
27:58 Forging
29:03 Chain Barding Armor
29:53 Stone Mining
31:01 Hand Cart
30:31 Town Watch
35:47 Imperial Age
35:18 Iron Casting
36:49 Elite Steppe Lancer
Connection lost

Rejoining the realm…

Still unreachable

The connection could not be restored.

Session expired

The server has moved on; the page needs a fresh start.